AoeStats
← GGWP_jackie

Arabia

510256641Analyzed
1v1 RM · 21h ago on Sep 30, 2026· 55m 43s· 2 players
Game mode
Random Map
Map size
Tiny (2 player)
Population
200
Speed
Normal
Resources
Standard
Victory
Conquest
Starting age
Dark Age
Ending age
Imperial Age
RankedLock teamsTeams togetherTeam positionsShared explorationLock speedFull tech treeHidden civsTurbo modeCheats
Victory
Defeat
🇺🇸 Maya · United States
1239
+16
🇹🇼 Franks · Taiwan
1246
-16
Lonewolf666
0:33 Loom
9:31 Feudal Age
10:15 Double-Bit Axe
16:42 Fletching
19:44 Horse Collar
22:09 Stone Mining
25:17 Castle Age
24:46 Scale Mail Armor
24:56 Padded Archer Armor
25:18 Crossbowman
25:46 Pikeman
30:26 Bow Saw
34:11 Bodkin Arrow
34:32 Leather Archer Armor
44:18 Imperial Age
42:40 Heavy Plow
43:36 Scale Mail Armor
43:46 Forging
44:55 Wheelbarrow
44:18 Eagle Warrior
44:25 Halberdier
45:25 Chain Mail Armor
46:16 Gold Mining
46:41 Bracer
50:59 Hand Cart
51:49 Two-Man Saw
50:33 Arbalester
51:49 Squires
52:23 Ring Archer Armor
52:29 Iron Casting
51:40 Eagle Warrior
53:54 Stone Shaft Mining
54:45 Ballistics
55:25 Chemistry
55:14 Elite Eagle Warrior
GGWP_jackie
6:45 Loom
9:05 Feudal Age
9:58 Double-Bit Axe
10:01 Town Watch
16:17 Fletching
22:33 Castle Age
21:46 Scale Barding Armor
23:38 Bodkin Arrow
24:05 Husbandry
25:00 Gold Mining
38:45 Imperial Age
45:22 Chain Barding Armor
45:27 Cavalier
52:35 Forging
Connection lost

Rejoining the realm…

Still unreachable

The connection could not be restored.

Session expired

The server has moved on; the page needs a fresh start.